 Dungeon Crawl Stone Soup version 0.30.1-3-gfc49f6343a (webtiles) character file.

Game seed: 9398380089165490409

256 Almogavar the Conjurer (level 5, -1/38 HPs)
             Began as a Draconian Conjurer on Aug 8, 2023.
             Blown up by Ijyb (7 damage)
             ... with a mindburst bolt
             ... on level 3 of the Dungeon.
             The game lasted 00:07:32 (2941 turns).

Almogavar the Conjurer (Draconian Conjurer)         Turns: 2941, Time: 00:07:32

Health: -1/38      AC:  9    Str:  9    XL:     5   Next: 92%
Magic:  3/10       EV: 17    Int: 20    God:
Gold:   120        SH:  0    Dex: 10    Spells: 8/11 levels left

rFire   . . .        j - +0 dagger (elec)
rCold   . . .        (no shield)
rNeg    . . .        (body armour unavailable)
rPois   .            (helmet restricted)
rElec   .            (no cloak)
rCorr   .            (no gloves)
SInv    .            (no boots)
Will    .....        (no amulet)
Stlth   ++           b - +5 ring of evasion
HPRegen 0.26/turn    c - +4 ring of protection
MPRegen 0.12/turn

%: no passive effects
@: no status effects
A: AC +5, unfitting armour, cold-blooded
a: no special abilities


You were on level 3 of the Dungeon.
You visited 1 branch of the dungeon, and saw 3 of its levels.

You collected 120 gold pieces.

Inventory:

Hand Weapons
 j - a +0 dagger of electrocution (weapon)
Jewellery
 b - a +5 ring of evasion (left hand)
 c - a +4 ring of protection (right hand)
 e - a ring of willpower
Scrolls
 f - a scroll of poison
 g - 3 scrolls of teleportation
 h - a scroll of enchant weapon {unknown}
Potions
 a - a potion of magic
 d - a potion of might
 i - a potion of flight {unknown}


   Skills:
 + Level 0.3 Fighting
 + Level 0.3 Short Blades
 + Level 2.3 Dodging
 + Level 2.1 Stealth
 + Level 0.7 Unarmed Combat
 + Level 3.5 Spellcasting
 + Level 5.8 Conjurations


You had 8 spell levels left.
You knew the following spells:

 Your Spells              Type           Power      Damage    Failure   Level
a - Magic Dart            Conj           100%       1d8       1%          1
b - Searing Ray           Conj           52%        2d6       1%          2

Your spell library contained the following spells:

 Spells                   Type           Power      Damage    Failure   Level
 Dazzling Flash           Conj/Hex       30%        N/A       12%         3
 Ensorcelled Hibernation  Hex/Ice        6%         N/A       21%         2
 Sublimation of Blood     Necr           3%         N/A       21%         2
 Spider Form              Tmut/Pois      3%         N/A       38%         3
 Fulminant Prism          Conj/Hex       7%         3d7       38%         4
 Iskenderun's Mystic Bla  Conj/Tloc      15%        2d5       38%         4
 Irradiate                Conj/Tmut      7%         3d14      75%         5
 Anguish                  Hex/Necr       1%         N/A       80%         4
 Petrify                  Tmut/Erth      3%         N/A       80%         4


Dungeon Overview and Level Annotations

Branches:
Dungeon (3/15)

Altars:

Annotations:
D:1 2 transporters
D:3 Ijyb


Innate Abilities, Weirdness & Mutations

Your plain brown scales are hard. (AC +5)
You cannot fit into any form of body armour.
You are cold-blooded and may be slowed by cold attacks.


Message History

The magic dart hits Ijyb but does no damage.
Casting: Magic Dart (safe; 1% risk of failure)
Confirm with . or Enter, or press ? or * to list all spells.
Aiming: Magic Dart (safe; 1% risk of failure)
Press: ? - help, Shift-Dir - straight line, f/p - Ijyb
Aim: Ijyb, wielding a +0 dagger, wearing a +0 chain mail and carrying a wand of mindburst (8) (100% to hit)
The magic dart hits Ijyb.
Ijyb is moderately wounded.
Casting: Magic Dart (safe; 1% risk of failure)
Confirm with . or Enter, or press ? or * to list all spells.
Aiming: Searing Ray (safe; 1% risk of failure)
Press: ? - help, Shift-Dir - straight line, f/p - Ijyb
Aim: Ijyb, wielding a +0 dagger, wearing a +0 chain mail and carrying a wand of mindburst (8) (moderately wounded, 79% to hit)
The searing ray hits Ijyb.
Ijyb is moderately wounded. (Press . to maintain the ray.)
The searing ray hits Ijyb.
Ijyb is moderately wounded.
The searing ray hits Ijyb.
Ijyb is heavily wounded.
You hit Ijyb but do no damage.
Ijyb is heavily wounded.
Ijyb barely misses you.
You closely miss Ijyb.
Ijyb is heavily wounded.
Ijyb zaps a wand.
Your mind is blasted!
You closely miss Ijyb.
Ijyb is heavily wounded.
Ijyb zaps a wand.
Your mind is blasted!
You hit Ijyb but do no damage.
Ijyb is heavily wounded.
Ijyb hits you with a +0 dagger.
You hit Ijyb.
Your tail-slap misses Ijyb.
Ijyb is heavily wounded.
Ijyb zaps a wand.
Your mind is blasted!
* * * LOW HITPOINT WARNING * * *
You hit Ijyb but do no damage. You tail-slap Ijyb, but do no damage.
Ijyb is heavily wounded.
Ijyb zaps a wand.
Your mind is blasted!
You die...

#.###.## #+#######
#.#....######
........###.#.#........
........'.#.#.###.#####
........#.#.#..........
#+####+#..#.#####.#####
#....>...........(.....
#####+#.##..#####.#####
#.....@.......# #.#
#.....g...#...###.#
#.......###....##.#
#.................#####
##.........>...........
#......#########......
#......# ###.###
#......# #.##. ##....


You could see Ijyb.

Vanquished Creatures
  Sigmund (D:3)
  An iguana (D:3)
  2 adders (D:2)
  A worm (D:2)
  3 orcs (D:3)
  4 endoplasms
  4 goblins
  6 hobgoblins
  A kobold (D:2)
  3 quokkas (D:1)
  6 ball pythons
  5 bats
  A frilled lizard (D:3)
  7 rats
45 creatures vanquished.

Notes
Turn   | Place    | Note
-------+----------+-------------------------------------------
     0 | D:1      | Almogavar the Draconian Conjurer began the quest for the
                  | Orb.
     0 | D:1      | Reached XP level 1. HP: 14/14 MP: 3/3
   283 | D:1      | Reached XP level 2. HP: 20/20 MP: 0/5
   917 | D:1      | Learned a level 2 spell: Searing Ray
   919 | D:1      | Found a faded altar of an unknown god.
  1404 | D:2      | Reached XP level 3. HP: 8/26 MP: 0/6
  2144 | D:2      | Identified the +1 leather armour "Hero's Friend" {Str+5}
  2521 | D:3      | Reached skill level 5 in Conjurations
  2521 | D:3      | Reached XP level 4. HP: 33/33 MP: 2/8
  2718 | D:3      | Noticed Sigmund
  2780 | D:3      | Killed Sigmund
  2781 | D:3      | Reached XP level 5. HP: 32/38 MP: 1/10
  2928 | D:3      | Noticed Ijyb
  2941 | D:3      | Blown up by Ijyb

Illustrated notes

Levels and vault maps discovered:
D:1:      spicycebolla_arrival_transporter_tutorial, layout_basic,
          hellmonk_ecumenical_altar_lost_god, minmay_liquid_box
D:2:      layout_loops_corners, chequers_serial_rivers_room_b,
          hangedman_decor_push, minmay_tree_intersection
D:3:      layout_basic, uniq_terence, uniq_sigmund, uniq_ijyb

Skill      XL: |  1  2  3  4 |
---------------+-------------+-----
Conjurations   | 5 |  5.8
Dodging        | 2 |  2.3
Stealth        | 2 |  2.1
Spellcasting   | 3 |  3.5
Fighting       | |  0.3
Short Blades   | |  0.3
Unarmed Combat | |  0.7

Action                     |  1- 3 |  4- 6 || total
---------------------------+-------+-------++-------
  Melee: Unarmed           |    28 |       ||    28
         Tailslap          |     4 |     2 ||     6
         Dagger            |       |    10 ||    10
   Cast: Magic Dart        |    73 |    11 ||    84
         Searing Ray       |     2 |     4 ||     6
    Use: Scroll            |     5 |     1 ||     6
 Armour: Skin              |     5 |     2 ||     7
  Dodge: Dodged            |    25 |     6 ||    31
